 Dungeon Crawl Stone Soup version 0.30-a0-634-g8abc85282e (webtiles) character file.

Game seed: 16010009687026904846

9215 Citaku the Cleaver (level 11, -3/102 HPs)
             Began as a Minotaur Fighter on Jan 14, 2023.
             Was an Initiate of Gozag.
             Slain by a bone dragon (14 damage)
             ... on level 3 of the Abyss.
             The game lasted 00:20:20 (10549 turns).

Citaku the Cleaver (Minotaur Fighter)              Turns: 10549, Time: 00:20:20

Health: -3/102     AC: 16    Str: 25    XL:     11   Next: 20%
Magic:  10/10      EV:  9    Int:  1    God:    Gozag
Gold:   1143       SH: 13    Dex: 16    Spells: 10/10 levels left

rFire   . . .      SeeInvis .    a - +2 war axe
rCold   + . .      Faith    .    m - +1 kite shield {AC+3}
rNeg    . . .      Spirit   .    b - +0 scale mail
rPois   +          Reflect  .    (helmet restricted)
rElec   .          Harm     .    k - +2 cloak {rPois}
rCorr   .          Rampage  .    (no gloves)
Will    +....                    y - +2 pair of boots Stlth
                                 (no amulet)
HPRegen 0.37/turn                h - +6 ring of dexterity
MPRegen 0.12/turn                j - ring of protection from cold

@: studying Axes, unable to read
A: horns 2, retaliatory headbutt, strong-willed 1, [deformed body], [dopey 2],
[inability to read after injury 1]
a: Renounce Religion, Potion Petition, Call Merchant, Bribe Branch


You were on level 3 of the Abyss.
You worshipped Gozag.
Gozag was most pleased with you.
You visited 2 branches of the dungeon, and saw 11 of its levels.
You visited the Abyss 1 time.
You also visited: Ossuary.

You collected 1568 gold pieces.
You spent 324 gold pieces at shops.
You paid 101 gold pieces to Gozag.

Inventory:

Hand Weapons
 a - a +2 war axe (weapon)
Armour
 b - a +0 scale mail (worn)
 k - a +2 cloak of poison resistance (worn)
 m - a +1 kite shield of protection (worn)
 y - a +2 pair of boots (worn)
Jewellery
 h - a +6 ring of dexterity (left hand)
 j - a ring of protection from cold (right hand)
Wands
 c - a wand of roots (8)
Scrolls
 i - a scroll of enchant weapon
 n - a scroll of silence
 p - 5 scrolls of identify
 s - a scroll of immolation
 u - 3 scrolls of fog
 v - 2 scrolls of blinking
Potions
 e - a potion of ambrosia
 f - 3 potions of mutation
 g - 4 potions of lignification
 l - 3 potions of curing
 q - 3 potions of magic


   Skills:
 + Level 11.1 Fighting
 + Level 13.0 Axes
 + Level 11.1 Armour
 + Level 11.1 Shields


You had 10 spell levels left.
You didn't know any spells.
Your spell library contained the following spells:

 Spells                   Type           Power      Damage    Failure   Level
 Apportation              Tloc           0%         N/A       96%         1
 Freeze                   Ice            0%         1d3       96%         1
 Necrotise                Necr           0%         1d4       96%         1
 Summon Small Mammal      Summ           0%         N/A       96%         1
 Blink                    Tloc           0%         N/A       99%         2
 Ensorcelled Hibernation  Hex/Ice        0%         N/A       99%         2
 Frozen Ramparts          Ice            0%         1d1       100%        3
 Hailstorm                Conj/Ice       0%         3d3       100%        3
 Inner Flame              Hex/Fire       0%         N/A       100%        3
 Spider Form              Tmut/Pois      0%         N/A       100%        3
 Anguish                  Hex/Necr       0%         N/A       100%        4
 Cause Fear               Hex            0%         N/A       100%        4
 Flame Wave               Conj/Fire      0%         2d4       100%        4
 Manifold Assault         Tloc           0%         N/A       100%        4
 Sticky Flame             Conj/Fire      0%         2d3       100%        4
 Summon Lightning Spire   Summ/Air       0%         N/A       100%        4
 Dragon Form              Tmut           0%         N/A       100%        7
 Storm Form               Tmut/Air       0%         N/A       100%        7
 Maxwell's Capacitive Co  Air            0%         ∞         100%        8
 Dragon's Call            Summ           0%         N/A       100%        9


Dungeon Overview and Level Annotations

Branches:
Dungeon (10/15)            Temple (1/1) D:4             Orc (0/2) D:9
Ossuary (visited)
   Lair: D:8-11

Altars:
Cheibriados
Dithmenos
Elyvilon
Fedhas
Gozag
Hepliaklqana
Kikubaaqudgha
Makhleb
Nemelex Xobeh
Qazlal
Ru
Sif Muna
Trog
Uskayaw
Vehumet
Wu Jian
Xom
Yredelemnul
Zin
The Shining One

Shops:
D:5 [*   D:8 (

Annotations:
D:10 Sonja


Innate Abilities, Weirdness & Mutations

You have a pair of horns on your head.
You reflexively headbutt those who attack you in melee.
You are strong-willed. (Will+)
[Armour fits poorly on your strangely shaped body.]
[You are very dopey. (Int -4)]
[You occasionally lose the ability to read scrolls when taking damage.]


Message History

The bone dragon is lightly damaged.
You block the bone dragon's attack. The bone dragon claws you.
The bone dragon tramples you but does no damage.
You hit the bone dragon but do no damage.
The bone dragon is lightly damaged.
You block the bone dragon's attack. The bone dragon claws you!
You feel threatened and lose the ability to read scrolls!
* * * LOW HITPOINT WARNING * * *
The bone dragon tramples you but does no damage.
You hit the bone dragon.
You headbutt the bone dragon, but do no damage.
The bone dragon is lightly damaged.
You block the bone dragon's attack. The bone dragon completely misses you.
The bone dragon tramples you but does no damage.
You slash the bone dragon!
The bone dragon is lightly damaged.
The bone dragon bites you but does no damage.
The bone dragon claws you.
* * * LOW HITPOINT WARNING * * *
The bone dragon closely misses you.
You hit the bone dragon.
You headbutt the bone dragon, but do no damage.
The bone dragon is lightly damaged.
The bone dragon bites you.
* * * LOW HITPOINT WARNING * * *
The bone dragon claws you but does no damage.
The bone dragon tramples you!
* * * LOW HITPOINT WARNING * * *
You hold your ground!
You hit the bone dragon. You headbutt the bone dragon.
The bone dragon is moderately damaged.
The bone dragon bites you.
* * * LOW HITPOINT WARNING * * *
The bone dragon claws you but does no damage.
The bone dragon tramples you but does no damage.
You hit the bone dragon.
The bone dragon is moderately damaged.
The bone dragon bites you!
You die...
Your body crumbles into a pile of gold.

######
#.3D@# #
##.###
#.#...
####
###....#
. ..
.###.##
#.
#..#D..
....##.#
#.#. #.#
##. #
#.#


You could see a bone dragon and a neqoxec.

Vanquished Creatures
  A hydra (D:8)
  A two-headed ogre (D:5)
  A wretched star (Abyss:3)
  Pikel (D:6)
  An efreet (Abyss:3)
  A troll (D:9)
  2 dream sheep (D:8)
  Sigmund (D:5)
  9 yaks
  2 wraiths
  Grum (D:8)
  2 steam dragons (D:8)
  An acid dragon (D:9)
  3 orc warriors (D:9)
  2 ice beasts
  A black bear (D:6)
  3 wolves (D:8)
  A centaur (D:6)
  3 ogres
  A phantom (D:5)
  A lemure (D:6)
  3 kobold brigands (D:8)
  5 bullfrogs
  A necrophage (D:5)
  4 water moccasin zombies (Ossuary)
  2 scorpions (D:5)
  3 wights (D:6)
  3 killer bees (D:7)
  2 howler monkeys
  4 crimson imps (D:5)
  2 jellies
  8 hounds
  9 orc priests
  A gnoll bouda (D:6)
  Natasha (thrice) (D:3)
  5 iguanas (D:5)
  7 orc wizards
  2 mummies (Ossuary)
  Robin (D:4)
  7 gnolls
  9 adders
  An ufetubus (D:7)
  4 adder zombies (Ossuary)
  2 worms
  2 dart slugs (D:5)
  22 orcs
  7 bats
  10 endoplasms
  A giant cockroach (D:1)
  3 gnoll zombies (Ossuary)
  13 goblins
  14 hobgoblins
  2 jackals (D:2)
  6 quokkas
  7 ball pythons
  2 frilled lizards
  6 hobgoblin zombies (Ossuary)
  5 kobolds
  4 kobold zombies (Ossuary)
  3 orc zombies (Ossuary)
  A rat (D:1)
235 creatures vanquished.

Vanquished Creatures (collateral kills)
  A shadow imp (D:7)
  An orc (D:7)
2 creatures vanquished.

Vanquished Creatures (others)
  A demonic plant (Abyss:3)
  10 plants
11 creatures vanquished.

Grand Total: 248 creatures vanquished

Notes
Turn   | Place    | Note
-------+----------+-------------------------------------------
     0 | D:1      | Citaku the Minotaur Fighter began the quest for the Orb.
     0 | D:1      | Reached XP level 1. HP: 19/19 MP: 0/0
   219 | D:1      | Reached XP level 2. HP: 27/27 MP: 1/1
   574 | D:1      | Reached skill level 3 in Axes
   681 | D:2      | Found a shimmering altar of Xom.
   780 | D:2      | Reached XP level 3. HP: 33/33 MP: 2/2
  1824 | D:3      | Noticed Natasha
  1831 | D:3      | Killed Natasha
  1832 | D:3      | Reached XP level 4. HP: 33/41 MP: 3/3
  2061 | D:3      | Noticed Natasha
  2069 | D:3      | Killed Natasha
  2181 | D:3      | Noticed Natasha
  2195 | D:3      | Killed Natasha
  2196 | D:3      | Reached XP level 5. HP: 17/47 MP: 4/4
  2705 | D:4      | Found a staircase to the Ecumenical Temple.
  2728 | Temple   | Entered the Ecumenical Temple
  2730 | Temple   | Reached skill level 4 in Axes
  2887 | D:4      | Reached skill level 5 in Fighting
  2887 | D:4      | Reached skill level 5 in Armour
  2887 | D:4      | Reached skill level 5 in Shields
  3090 | D:4      | Noticed Robin
  3105 | D:4      | Reached XP level 6. HP: 40/56 MP: 5/5
  3106 | D:4      | Killed Robin
  3423 | D:5      | Entered Level 5 of the Dungeon
  3436 | D:5      | Found a sand-covered staircase.
  3441 | Ossuary  | Entered an ossuary
  3554 | Ossuary  | Reached skill level 5 in Axes
  3554 | Ossuary  | Reached XP level 7. HP: 53/62 MP: 6/6
  3921 | D:4      | Gained mutation: You are strong-willed. (Will+) [potion of
                  | mutation]
  4234 | D:5      | Found Roniubey's Armour Emporium.
  4487 | D:5      | Found a hide-covered altar of Uskayaw.
  4492 | D:5      | Found a blossoming altar of Fedhas.
  4494 | D:5      | Found a basalt altar of Yredelemnul.
  4495 | D:5      | Found a shadowy altar of Dithmenos.
  4498 | D:5      | Found a stormy altar of Qazlal.
  4689 | D:5      | Bought a +0 kite shield of protection for 149 gold pieces
  4755 | D:5      | Found Abbeniof's Assorted Antiques.
  4782 | D:5      | Noticed Sigmund
  4787 | D:5      | Killed Sigmund
  4788 | D:5      | Reached skill level 6 in Axes
  4788 | D:5      | Reached XP level 8. HP: 67/71 MP: 7/7
  4825 | D:5      | Found a shimmering altar of Xom.
  4959 | D:5      | Noticed a two-headed ogre
  4968 | D:5      | Killed a two-headed ogre
  4969 | D:5      | Reached skill level 7 in Axes
  4981 | D:5      | Reached XP level 9. HP: 13/81 MP: 8/8
  5429 | D:6      | Identified a scroll of acquirement
  5429 | D:6      | Acquired a manual of Axes
  5532 | D:6      | Reached skill level 8 in Axes
  5776 | D:6      | Noticed Pikel
  5793 | D:6      | Killed Pikel
  5794 | D:6      | Reached skill level 9 in Axes
  6187 | D:6      | Found an opulent altar of Gozag.
  6201 | D:6      | Became a worshipper of Gozag Ym Sagoz the Greedy
  6410 | D:7      | Reached skill level 10 in Axes
  6675 | D:7      | Found a glowing silver altar of Zin.
  6710 | D:7      | Found a large runed translucent door.
  6716 | D:7      | Found a large runed translucent door.
  6799 | D:7      | Reached XP level 10. HP: 91/91 MP: 9/9
  7010 | D:7      | Found a glowing golden altar of the Shining One.
  7011 | D:7      | Found a white marble altar of Elyvilon.
  7346 | D:5      | Bought a +1 cloak of poison resistance for 175 gold pieces
  7649 | D:8      | Found Edo Disatafa's Antique Weapon Shoppe.
  7834 | D:8      | Found a flagged portal.
  7937 | D:8      | Noticed Grum
  7950 | D:8      | Killed Grum
  7951 | D:8      | Reached skill level 11 in Axes
  8016 | D:8      | Reached skill level 10 in Armour
  8016 | D:8      | Reached skill level 10 in Shields
  8111 | D:8      | Reached skill level 10 in Fighting
  8200 | D:8      | Noticed a two-headed hydra
  8207 | D:8      | Killed a five-headed hydra
  8349 | D:8      | Found a radiant altar of Vehumet.
  8659 | D:7      | Found a snail-covered altar of Cheibriados.
  8665 | D:7      | Found a sacrificial altar of Ru.
  8976 | D:9      | Found a staircase to the Orcish Mines.
  8990 | D:9      | Reached skill level 12 in Axes
  9700 | D:9      | Reached XP level 11. HP: 67/101 MP: 10/10
 10012 | D:10     | Entered Level 10 of the Dungeon
 10012 | D:10     | Noticed Sonja
 10356 | Abyss:2  | Found a corrupted altar of Lugonu.
 10356 | Abyss:2  | Cast into level 2 of the Abyss (Sonja)
 10425 | Abyss:2  | Noticed an ironbound thunderhulk
 10440 | Abyss:2  | Noticed an ironbound thunderhulk
 10447 | Abyss:2  | Noticed an ironbound thunderhulk
 10447 | Abyss:2  | Noticed an ironbound thunderhulk
 10475 | Abyss:3  | Noticed a wretched star
 10506 | Abyss:3  | Killed a wretched star
 10506 | Abyss:3  | Noticed a death knight
 10507 | Abyss:3  | Reached skill level 13 in Axes
 10516 | Abyss:3  | Noticed a bone dragon
 10549 | Abyss:3  | Slain by a bone dragon

Illustrated notes

Levels and vault maps discovered:
D:1:      roderic_chinese_lattice_arrival, layout_basic
D:2:      layout_basic, basic_altar
D:3:      layout_loops_corners, uniq_natasha
D:4:      layout_cave_pools, minmay_temple_entry_large_hall, chequers_jeans,
          uniq_robin
D:5:      cheibrodos_barr_body, layout_rooms, led_xom_imps, minitemple,
          enter_ossuary_2, serial_bayou, serial_bayou_pond_c,
          serial_bayou_shore_b, serial_bayou_lagoon_a, serial_bayou_crossing,
          serial_shops, nicolae_shop_behind_doors, kennysheep_small_circle,
          uniq_sigmund
D:6:      layout_loops_ring, mainiacjoe_overflow_six_doors_small, uniq_pikel
D:7:      layout_rooms, good_gods_temple_1, jmf_multi_god_temple2
D:8:      layout_basic, marbit_many_paths, enter_bailey_2, serial_shops,
          nicolae_square_shop, minmay_misc_feat_plants, hangedman_ranch,
          uniq_grum
D:9:      minmay_goldmine, layout_gridville, orc_0_dummy
D:10:     layout_roguey, gammafunk_temple_overflow_wave, david_lair_shrubbed,
          serial_shops, kennysheep_mini, uniq_psyche, uniq_lodul, uniq_sonja
Temple:   nicolae_temple_ecumenical_triangle
Abyss:3:  base: D:2, spicy_abyss_helpful_harpoons, bh_silent_lugonu_exit,
          eino_small_chamber_without_monster

Skill      XL: |  1  2  3  4  5  6  7  8  9 10 11 |
---------------+----------------------------------+-----
Fighting       | 4 5 6 7 9 10 11 | 11.1
Axes           | 3 4 5 6 7 10 12 13 | 13.0
Armour         | 4 5 6 7 9 10 11 | 11.1
Shields        | 4 5 6 8 9 10 11 | 11.1

Action                   |  1- 3 |  4- 6 |  7- 9 | 10-12 || total
-------------------------+-------+-------+-------+-------++-------
Melee: War axe           |    81 |   114 |   218 |   182 ||   595
       Headbutt          |    15 |    25 |    46 |    42 ||   128
  Use: Potion            |       |       |    15 |    10 ||    25
       Scroll            |       |       |    12 |    10 ||    22
 Stab: Distracted        |       |       |       |     1 ||     1
Armor: Scale mail        |    47 |    58 |    71 |    99 ||   275
Dodge: Dodged            |    52 |    56 |    84 |    53 ||   245
Block: Buckler           |    21 |    30 |    12 |       ||    63
       Kite shield       |       |       |    94 |   113 ||   207

Table legend: (Time is in decaauts)
 A = Elapsed time spent in this place.
 B = Non-inter-level travel time spent in this place.
 C = Inter-level travel time spent in this place.
 D = Time resting spent in this place.
 E = Time spent auto-exploring this place.
 F = Levels seen in this place.
 G = Mean time per level.
                   A        B        C        D        E       F      G
               +--------+--------+--------+--------+--------+-----+--------+
         Total |  10734 |  10169 |    565 |   1098 |   6816 |  14 |  766.7 |
       Dungeon |  10176 |   9611 |    565 |   1068 |   6647 |  10 | 1017.6 |
        Temple |    149 |    149 |      0 |      0 |    131 |   1 |  149.0 |
         Abyss |    191 |    191 |      0 |     30 |     38 |   2 |   95.5 |
       Ossuary |    215 |    215 |      0 |      0 |      0 |   1 |  215.0 |
               +--------+--------+--------+--------+--------+-----+--------+

Top non-repeatable levels by time:
     D:5: 1549 daAuts
     D:9: 1368 daAuts
     D:8: 1274 daAuts
     D:4: 1159 daAuts
     D:3: 1080 daAuts
     D:6: 1056 daAuts
     D:7: 983 daAuts
     D:2: 983 daAuts
     D:1: 693 daAuts
 Ossuary: 215 daAuts
  Temple: 149 daAuts
 Abyss:3: 101 daAuts
 Abyss:2: 90 daAuts
    D:10: 27 daAuts
